 Dungeon Crawl Stone Soup version 0.31-a0-166-g46f44d267d (webtiles) character file.

Game seed: 2449717837600263444

192 Morbidden the Conjurer (level 5, 0/40 HPs)
             Began as a Draconian Conjurer on June 14, 2023.
             Slain by a lemure (5 damage)
             ... led by Pikel
             ... on level 4 of the Dungeon.
             The game lasted 00:04:03 (3006 turns).

Morbidden the Conjurer (Draconian Conjurer)         Turns: 3006, Time: 00:04:04

Health: 0/40       AC:  6    Str:  9    XL:     5   Next: 42%
Magic:  1/9        EV: 12    Int: 21    God:
Gold:   48         SH:  0    Dex:  9    Spells: 2/9 levels left

rFire   . . .        a - +0 dagger (venom)
rCold   . . .        (no shield)
rNeg    . . .        (body armour unavailable)
rPois   .            (helmet restricted)
rElec   .            (no cloak)
rCorr   .            (no gloves)
SInv    .            i - +0 pair of boots
Will    .....        (no amulet)
Stlth   ++           n - ring of wizardry
HPRegen 0.26/turn    o - ring of wizardry
MPRegen 0.11/turn

%: wizardry (x2)
@: no status effects
A: AC +5, unfitting armour, cold-blooded
a: no special abilities


You were on level 4 of the Dungeon.
You visited 1 branch of the dungeon, and saw 4 of its levels.

You collected 144 gold pieces.
You spent 96 gold pieces at shops.

Inventory:

Hand Weapons
 a - a +0 dagger of venom (weapon)
Armour
 i - a +0 pair of boots (worn)
 k - a +0 kite shield
Jewellery
 n - a ring of wizardry (left hand)
 o - a ring of wizardry (right hand)
 p - a ring of poison resistance
Scrolls
 b - 2 scrolls of teleportation {unknown}
 c - a scroll of butterflies {unknown}
 g - 2 scrolls of silence {unknown}
 h - 6 scrolls of identify {unknown}
 j - a scroll of brand weapon {unknown}
 m - 2 scrolls of fear {unknown}
 s - a scroll of fog {unknown}
Potions
 d - 2 potions of berserk rage {unknown}
 e - 2 potions of mutation {unknown}
 f - a potion of magic
 l - a potion of attraction {unknown}
 q - a potion of heal wounds
 r - 2 potions of lignification


   Skills:
 * Level 1.2 Fighting
 * Level 1.4 Short Blades
 * Level 2.2 Dodging
 * Level 2.3 Stealth
 * Level 1.3 Shields
 + Level 0.3 Unarmed Combat
 * Level 2.7 Spellcasting
 * Level 5.0 Conjurations
 * Level 0.4 Translocations


You had 2 spell levels left.
You knew the following spells:

 Your Spells              Type           Power      Damage    Failure   Level
a - Magic Dart            Conj           96%        1d7       1%          1
b - Searing Ray           Conj           48%        2d6       1%          2
z - Iskenderun's Mystic   Conj/Tloc      14%        2d5       12%         4

Your spell library contained the following spells:

 Spells                   Type           Power      Damage    Failure   Level
 Call Imp                 Summ           4%         N/A       5%          2
 Dazzling Flash           Conj/Hex       26%        N/A       4%          3
 Mephitic Cloud           Conj/Pois/Air  9%         N/A       5%          3
 Inner Flame              Hex/Fire       2%         N/A       11%         3
 Fulminant Prism          Conj/Hex       6%         3d7       13%         4
 Yara's Violent Unravell  Hex/Tmut       1%         3d3       65%         5
 Enfeeble                 Hex            1%         N/A       100%        7


Dungeon Overview and Level Annotations

Branches:
Dungeon (4/15)
 Temple: D:4-7

Altars:
Gozag
Okawaru
Trog

Shops:
D:3 !

Annotations:
D:4 Pikel


Innate Abilities, Weirdness & Mutations

Your plain brown scales are hard. (AC +5)
You cannot fit into any form of body armour.
You are cold-blooded and may be slowed by cold attacks.


Message History

You finish channelling your searing ray.
Pikel barely misses you.
Unknown command.
You hit Pikel but do no damage.
Pikel is severely wounded.
Pikel hits you with a +2 whip of freezing!
Pikel freezes you.
* * * LOW HITPOINT WARNING * * *
Unknown command.
Unknown command.
Really walk into that teleport trap?
Pikel attacks as you move away!
Pikel hits you with a +2 whip of freezing.
* * * LOW HITPOINT WARNING * * *
You feel yourself slow down. Pikel freezes you.
* * * LOW HITPOINT WARNING * * *
You enter a teleport trap!
The teleport trap disappears.
Your surroundings seem slightly different.
You feel yourself speed up.
Unknown command.
Casting: Searing Ray (safe; 1% risk of failure)
Confirm with . or Enter, or press ? or * to list all spells.
Aiming: Magic Dart (safe; 1% risk of failure)
Press: ? - help, Shift-Dir - straight line, f/p - Pikel
Aim: Pikel, wielding a +2 whip of freezing and wearing a +0 robe (almost dead, poisoned, 100% to hit)
The magic dart hits Pikel but does no damage.
Pikel is almost dead.
Unknown command.
Unknown command.
Really walk into that teleport trap?
Okay, then.
Really walk into that teleport trap?
You enter a teleport trap!
The teleport trap disappears.
Your surroundings seem slightly different.
Unknown command.
Unknown command.
Unknown command.
Unknown command.
The lemure attacks as you move away! The lemure hits you.
You die...

#..#/......#..######
..#.......#....#
.^..._........##
#.......#5#..†#
#...(.K.#.##..#### .###
#.......#.##.....#
.....####§####.#####..#
#..........5........#
#####.....##@(####..#
#..#######....#..#
#..## #....#..# #.##
###....##.# #.
#....####.# .. #....#
#.# .## #....# #.# ..
#.K..# ### . #....#


You could see 2 lemures.

Vanquished Creatures
  A lemure (D:4)
  An orc priest (D:4)
  A sleepcap (D:4)
  An orc wizard (D:4)
  3 adders
  A shadow imp (D:3)
  3 dart slugs
  5 orcs
  8 endoplasms
  2 giant cockroaches
  7 goblins
  8 hobgoblins
  8 kobolds
  3 quokkas
  4 ball pythons
  7 bats
  4 frilled lizards
  4 rats
71 creatures vanquished.

Notes
Turn   | Place    | Note
-------+----------+-------------------------------------------
     0 | D:1      | Morbidden the Draconian Conjurer began the quest for the
                  | Orb.
     0 | D:1      | Reached XP level 1. HP: 14/14 MP: 3/3
   287 | D:1      | Reached XP level 2. HP: 20/20 MP: 1/5
   410 | D:1      | Found a faded altar of an unknown god.
   744 | D:1      | Reached XP level 3. HP: 27/27 MP: 4/6
   912 | D:1      | Learned a level 2 spell: Searing Ray
  1298 | D:2      | Reached skill level 1 in Shields
  1436 | D:2      | Reached skill level 1 in Short Blades
  1941 | D:3      | Reached XP level 4. HP: 34/34 MP: 5/7
  2038 | D:3      | Found a bloodstained altar of Trog.
  2128 | D:3      | Found an opulent altar of Gozag.
  2233 | D:3      | Found Acuolote's Distillery.
  2237 | D:3      | Bought a potion of heal wounds for 60 gold pieces
  2237 | D:3      | Bought a potion of lignification for 36 gold pieces
  2322 | D:3      | Reached skill level 1 in Fighting
  2622 | D:4      | Learned a level 4 spell: Iskenderun's Mystic Blast
  2657 | D:4      | Reached XP level 5. HP: 18/40 MP: 2/8
  2659 | D:4      | Reached skill level 5 in Conjurations
  2772 | D:4      | Found an iron altar of Okawaru.
  2894 | D:4      | Noticed Pikel
  2894 | D:4      | Noticed a lemure
  2918 | D:4      | Killed a lemure
  2974 | D:4      | Noticed a lemure
  2974 | D:4      | Noticed a lemure
  2993 | D:4      | Noticed a lemure
  3006 | D:4      | Slain by a lemure

Illustrated notes

Levels and vault maps discovered:
D:1:      saegor_arrival_under_anarchy, layout_loops_ring,
          ebering_ecumenical_altar_mist, minmay_misc_feat_alley
D:2:      layout_rooms
D:3:      layout_loops_ring, trog_butcher_becter, mainiacjoe_overflow_chevrons,
          serial_shops, nicolae_shop_pleasant_corner_grove
D:4:      minmay_chambers_of_threes, layout_rooms, lemuel_tele_altar, uniq_pikel

Skill      XL: |  1  2  3  4  5 |
---------------+----------------+-----
Shields        | 1 |  1.3
Dodging        | 2 |  2.2
Short Blades   | 1 |  1.4
Stealth        | 2 |  2.3
Fighting       | 1 |  1.2
Conjurations   | 5 |  5.0
Unarmed Combat | |  0.3
Spellcasting   | |  2.7
Translocations | |  0.4

Action                     |  1- 3 |  4- 6 || total
---------------------------+-------+-------++-------
  Melee: Unarmed           |    24 |       ||    24
         Tailslap          |    10 |    10 ||    20
         Dagger            |    38 |    79 ||   117
         Punch             |       |     2 ||     2
  Throw: Dart              |       |     2 ||     2
   Cast: Magic Dart        |    70 |    19 ||    89
         Searing Ray       |       |     6 ||     6
 Armour: Skin              |    17 |    15 ||    32
  Dodge: Dodged            |    42 |    48 ||    90

Table legend: (Time is in decaauts)
 A = Elapsed time spent in this place.
 B = Non-inter-level travel time spent in this place.
 C = Inter-level travel time spent in this place.
 D = Time resting spent in this place.
 E = Time spent auto-exploring this place.
 F = Levels seen in this place.
 G = Mean time per level.
                   A        B        C        D        E       F      G
               +--------+--------+--------+--------+--------+-----+--------+
         Total |   2998 |   2896 |    102 |     91 |   2309 |   4 |  749.5 |
       Dungeon |   2998 |   2896 |    102 |     91 |   2309 |   4 |  749.5 |
               +--------+--------+--------+--------+--------+-----+--------+

Top non-repeatable levels by time:
     D:1: 1257 daAuts
     D:3: 703 daAuts
     D:2: 642 daAuts
     D:4: 395 daAuts
